 Dungeon Crawl Stone Soup version 0.24-a0-520-g8fd06ad (webtiles) character file.

Game seed: 11152823126790509375

65 DinnerBoy7 the Grave Robber (level 3, -1/26 HPs)
             Began as a Mummy Necromancer on July 24, 2019.
             Slain by a centaur skeleton (4 damage)
             ... on level 4 of the Dungeon.
             The game lasted 00:06:34 (1335 turns).

DinnerBoy7 the Grave Robber (Mummy Necromancer)     Turns: 1335, Time: 00:06:34

Health: -1/26      AC:  2    Str: 11    XL:     3   Next: 94%
Magic:  7/7        EV: 12    Int: 15    God:
Gold:   48         SH:  0    Dex: 12    Spells: 3/8 levels left

rFire    x . .     SeeInvis .   i - +1 whip (drain)
rCold    + . .     Gourm    .   (no shield)
rNeg     + + +     Faith    .   a - +0 robe
rPois    ∞         Spirit   .   (no helmet)
rElec    .         Reflect  .   (no cloak)
rCorr    .         Harm     .   (no gloves)
MR       .....                  (no boots)
Stlth    ++........             (no amulet)
HPRegen  0.08/turn              (no ring)
MPRegen  0.10/turn              (no ring)

@: no status effects
A: no food or potions, fire vulnerability, cold resistance 1, negative energy
resistance 3, torment resistance, unbreathing
a: no special abilities


You were on level 4 of the Dungeon.
You were not hungry.

You visited 1 branch of the dungeon, and saw 3 of its levels.

You collected 48 gold pieces.

Inventory:

Hand Weapons
 c - a +0 dagger
 e - a +0 hunting sling
 h - a +0 hunting sling
 i - a +1 whip of draining (weapon)
Missiles
 b - 6 javelins (quivered)
 g - 5 stones
Armour
 a - a +0 robe (worn)
Scrolls
 d - 2 scrolls of identify {unknown}
 j - 3 scrolls of magic mapping {unknown}
 k - a scroll of remove curse {unknown}
 l - a scroll of teleportation {unknown}
 m - a scroll of immolation {unknown}
Potions
 f - a potion of ambrosia {unknown}


   Skills:
 + Level 1.3 Fighting
 + Level 2.1 Dodging
 - Level 1.5 Stealth
 + Level 3.3 Spellcasting
 * Level 4.7 Necromancy


You had 3 spell levels left.
You knew the following spells:

 Your Spells              Type           Power        Failure   Level  Hunger
a - Pain                  Necr           ###.         2%          1    N/A
b - Animate Skeleton      Necr           N/A          2%          1    N/A
c - Vampiric Draining     Necr           ###.......   9%          3    N/A

Your spell library contained the following spells:

 Spells                   Type           Power        Failure   Level  Hunger
 Animate Dead             Necr           N/A          28%         4    N/A
 Regeneration             Chrm/Necr      Unusable     N/A         3    N/A

Dungeon Overview and Level Annotations

Branches:
Dungeon (2/15)

Altars:
Zin

Annotations:
D:4 Eustachio


Innate Abilities, Weirdness & Mutations

You do not eat or drink.
Your flesh is vulnerable to fire.
You are immune to poison.
Your flesh is cold resistant. (rC+)
You are immune to negative energy. (rN+++)
You are immune to unholy pain and torment.
You can survive without breathing.


Message History

The scorpion stings you!
Found a hand axe.
A leopard gecko comes into view.
The leopard gecko hisses angrily.
Okay, then.
The leopard gecko misses you.
The leopard gecko completely misses you.
The scorpion stings you.
Eustachio the Magnificent comes into view.
He is wielding a +0 rapier and wearing a +2 leather armour of poison resistance.
The leopard gecko closely misses you.
A giant cockroach comes into view.
The centaur skeleton closely misses you.
The centaur skeleton hits you but does no damage.
The centaur skeleton hits you.
Eustachio shouts!
The centaur skeleton hits you. Eustachio hits you with a +0 rapier!
* * * LOW HITPOINT WARNING * * *
The centaur skeleton hits you.
You die...

.....................#.#
##...................#.## #
#...................#..##.#
#........########.........#
#........# #..####.####
#....)...#### #..## #%#
#............# #.# ##s#
..#.......##.##..# ##.#.#
.........l.sZ@.<# #..#.#
#...#....#s.@..#####..#.######
..#.#..#....#..###...##.......
. #.......#......s..........
#.......#..##.#####......)
......#.#.<...# #......>..
...................#.......
.......#.....######[...... ..
.....s #.......


You could see Eustachio, a scorpion, a leopard gecko, a giant cockroach and a
centaur skeleton.

Vanquished Creatures
  A worker ant (D:4)
  A worm (D:2)
  3 dart slugs
  A leopard gecko (D:2)
  2 orcs (D:4)
  4 goblins (D:1)
  8 hobgoblins
  A ball python (D:2)
  2 frilled lizards
  4 kobolds
27 creatures vanquished.

Vanquished Creatures (collateral kills)
  A bat (D:1)
1 creature vanquished.

Grand Total: 28 creatures vanquished

Notes
Turn   | Place    | Note
-------+----------+-------------------------------------------
     0 | D:1      | DinnerBoy7 the Mummy Necromancer began the quest for the
                  | Orb.
     0 | D:1      | Reached XP level 1. HP: 13/13 MP: 4/4
   139 | D:1      | Learned a level 1 spell: Animate Skeleton
   365 | D:1      | Reached XP level 2. HP: 20/20 MP: 2/5
   816 | D:2      | Found a glowing silver altar of Zin.
   841 | D:2      | Reached skill level 1 in Fighting
   992 | D:2      | Reached XP level 3. HP: 26/26 MP: 2/7
  1151 | D:2      | Learned a level 3 spell: Vampiric Draining
  1159 | D:2      | You fall into a shaft and drop 2 floors!
  1253 | D:4      | Noticed an ogre
  1285 | D:4      | Noticed a scorpion
  1328 | D:4      | Noticed Eustachio
  1335 | D:4      | Slain by a centaur skeleton

Levels and vault maps discovered:
D:1:      minmay_arrival_wavy_path, layout_rooms
D:2:      minmay_thinvault, layout_basic, zin_academy, minmay_misc_feat_room
D:4:      layout_rooms, overflow_temple_1_default, kennysheep_mini_moat,
          led_sif_pool, minmay_temple_entry_fiery, first_ration, uniq_grinder,
          uniq_eustachio, uniq_ijyb

Skill      XL: |  1  2  3 |
---------------+----------+-----
Spellcasting   | 3 |  3.3
Fighting       | 1 |  1.3
Dodging        | 2 |  2.1
Stealth        | |  1.5
Necromancy     | |  4.7

Action                   || total
-------------------------++-------
Melee: Dagger            ||     1
       Whip              ||    11
 Cast: Pain              ||    55
       Animate Skeleton  ||     6
       Vampiric Draining ||     1
Armor: Robe              ||     6
Dodge: Dodged            ||    27

Table legend:
 A = Non-vault XP
 B = Vault XP
 C = Vault XP percentage of total XP
 D = Non-vault monster count
 E = Vault monster count
 F = Vault count percentage of total count
                 A         B        C        D         E       F
            +---------+---------+-------+---------+---------+-------
      Total |      84 |      10 |  10.6 |      24 |       4 |  14.3
            +---------+---------+-------+---------+---------+-------
        D:1 |      33 |       0 |   0.0 |      17 |       0 |   0.0
        D:2 |       9 |      10 |  52.6 |       4 |       4 |  50.0
        D:4 |      42 |       0 |   0.0 |       3 |       0 |   0.0
            +---------+---------+-------+---------+---------+-------
